 Dungeon Crawl Stone Soup version 0.19.5 (webtiles) character file.

478 rutigerpupkin the Skirmisher (level 7, -9/46 HPs)
             Began as a Gargoyle Fighter on May 10, 2017.
             Killed by divine providence
             ... invoked by an orc priest
              (14 damage)
             ... on level 5 of the Dungeon.
             The game lasted 00:10:03 (3545 turns).

rutigerpupkin the Skirmisher (Gargoyle Fighter)     Turns: 3545, Time: 00:10:03

Health: -9/46      AC: 24    Str: 24    XL:     7   Next: 11%
Magic:  16/16      EV:  7    Int:  8    God:
Gold:   154        SH: 10    Dex:  9    Spells: 0 memorised, 6 levels left

rFire  . . .     SeeInvis .     a - +0 flail
rCold  . . .     Gourm    .     b - +0 scale mail
rNeg   + . .     Faith    .     c - +0 shield
rPois  ∞         Spirit   .     y - +1 helmet "Nifomu" {rPois rCorr MP+9 Str-3}
rElec  +         Reflect  .     t - +0 cloak
rCorr  +         Harm     .     q - +0 pair of gloves
MR     .....                    o - +0 pair of boots
Stlth  ..........               (no amulet)
                                (no ring)
                                m - +6 ring of protection

@: mighty
A: negative energy resistance 1, electricity resistance, unbreathing,
petrification resistance, rot immunity, AC +4
a: no special abilities


You were on level 5 of the Dungeon.
You were not hungry.

You visited 1 branch of the dungeon, and saw 5 of its levels.

You collected 154 gold pieces.

Inventory:

Hand Weapons
 a - a +0 flail (weapon)
 I - a +0 falchion of holy wrath
Missiles
 j - 69 poisoned needles
 u - 5 needles of frenzy
 w - 9 javelins (quivered)
Armour
 b - a +0 scale mail (worn)
 c - a +0 shield (worn)
 o - a +0 pair of boots (worn)
 q - a +0 pair of gloves (worn)
 t - a +0 cloak (worn)
 y - the +1 helmet "Nifomu" (worn) {rPois rCorr MP+9 Str-3}
   (You took it off Robin on level 3 of the Dungeon)

   It affects your strength (-3).
   It protects you from poison.
   It affects your magic capacity (+9).
   It protects you from acid and corrosion.
Jewellery
 m - a +6 ring of protection (left hand)
 C - an uncursed amulet of magic regeneration
Wands
 G - a wand of iceblast (4/15)
Scrolls
 e - a scroll of teleportation {unknown}
 h - 2 scrolls of enchant weapon {unknown}
 i - a scroll of fear {unknown}
 k - 5 scrolls of identify {unknown}
 l - 2 scrolls of fog {unknown}
 x - 2 scrolls of remove curse {unknown}
 B - a scroll of random uselessness {unknown}
 E - a scroll of enchant armour {unknown}
 F - a scroll of amnesia {unknown}
Potions
 d - a potion of might
 n - 3 potions of curing {unknown}
 p - 3 potions of haste {unknown}
 s - a potion of invisibility {unknown}
 z - a potion of heal wounds {unknown}
 A - 3 potions of degeneration {unknown}
 D - a potion of brilliance {unknown}
 H - a potion of ambrosia {unknown}
Comestibles
 f - 4 bread rations
 g - 2 beef jerkies
 r - 4 chunks of flesh
 v - a meat ration


   Skills:
 * Level 6.1 Fighting
 - Level 2.0 Maces & Flails
 + Level 2.2 Throwing
 + Level 5.0 Armour
 + Level 4.7 Shields


You had 6 spell levels left.
You didn't know any spells.

Dungeon Overview and Level Annotations

Branches:
Dungeon (4/15)
 Temple: D:4-7

Altars:
Elyvilon
Hepliaklqana
Makhleb
Nemelex Xobeh
Ru
Trog

Annotations:
D:3 rutigerpupkin's ghost, amateur GrFi


Innate Abilities, Weirdness & Mutations

You are resistant to torment.
Your stone body is resilient. (AC +4)
You are immune to poison.
You resist negative energy. (rN+)
You are resistant to electric shocks. (rElec)
You can survive without breathing.
You are immune to petrification.
You are immune to rotting.


Message History

The orc is moderately wounded.
You block the orc's attack.
Your shield and scale mail prevent you from hitting the orc.
The orc is moderately wounded.
The orc priest calls down the wrath of Beogh upon you.
Beogh smites you!
* * * LOW HITPOINT WARNING * * *
The orc barely misses you. You block the orc's attack.
You feel very mighty all of a sudden.
You hit the orc.
The orc is severely wounded.
The orc barely misses you. The orc hits you but does no damage.
You hit the orc.
You kill the orc!
The orc priest mumbles some strange prayers to Beogh against you.
You struggle to resist.
You barely miss the orc priest. You block the orc priest's attack.
The orc priest calls down the wrath of Beogh upon you.
Beogh smites you!
You die...

########## ###
#......... ## ..#
###.###### .o #.# #.#
#o #.# ######.#
#o##o######.#....######
#.#..oo.....#..........
#.#.##o####.#.#..######
#....#@# #.#>.........
###..#[# #.........###
#..#+# #########.# #
#.... .# # ...... # #
....o..# ..(....+
##....#


You could see 3 orc priests and an orc.

Vanquished Creatures
  A phantom (D:4)
  An ogre (D:4)
  3 orc priests
  2 orc wizards
  Robin (D:3)
  4 adders
  A shadow imp (D:5)
  An ooze (D:3)
  5 worms
  A dart slug (D:1)
  A leopard gecko (D:3)
  7 orcs
  7 bats
  4 giant cockroaches
  20 goblins
  12 hobgoblins
  6 kobolds
  A quokka (D:4)
  5 frilled lizards
  A jackal skeleton (D:4)
  11 rats
95 creatures vanquished.

Notes
Turn   | Place    | Note
-------+----------+-------------------------------------------
     0 | D:1      | rutigerpupkin the Gargoyle Fighter began the quest for the Orb.
     0 | D:1      | Reached XP level 1. HP: 14/14 MP: 1/1
   210 | D:1      | Reached XP level 2. HP: 19/19 MP: 2/2
  1163 | D:2      | Reached skill level 4 in Fighting
  1163 | D:2      | Reached XP level 3. HP: 16/24 MP: 3/3
  1183 | D:2      | Found a hazy altar of Hepliaklqana.
  1412 | D:2      | Found a white marble altar of Elyvilon.
  1648 | D:2      | Reached XP level 4. HP: 30/30 MP: 4/4
  1924 | D:3      | Noticed rutigerpupkin's ghost (amateur GrFi)
  2160 | D:3      | Reached XP level 5. HP: 34/34 MP: 5/5
  2181 | D:3      | Reached skill level 5 in Fighting
  2181 | D:3      | Reached skill level 1 in Throwing
  2395 | D:3      | Found a burning altar of Makhleb.
  2504 | D:3      | Noticed Robin
  2521 | D:3      | Killed Robin
  2567 | D:3      | Got a bloodstained helmet
  2573 | D:3      | Identified the +1 helmet "Nifomu" {rPois rCorr MP+9 Str-3} (You took it off Robin on level 3 of the Dungeon)
  2665 | D:3      | Found a sparkling altar of Nemelex Xobeh.
  2739 | D:3      | Reached XP level 6. HP: 40/40 MP: 6/6
  3128 | D:4      | Noticed a phantom
  3236 | D:4      | Killed a phantom
  3236 | D:4      | Reached skill level 6 in Fighting
  3236 | D:4      | Reached XP level 7. HP: 31/46 MP: 7/7
  3403 | D:4      | Found a bloodstained altar of Trog.
  3403 | D:4      | Found a sacrificial altar of Ru.
  3458 | D:4      | You fall through a shaft!
  3458 | D:5      | Entered Level 5 of the Dungeon
  3467 | D:5      | Reached skill level 5 in Armour
  3545 | D:5      | Killed from afar by an orc priest

Skill      XL: |  1  2  3  4  5  6  7 |
---------------+----------------------+-----
Fighting       | 4 5 6 |  6.1
Armour         | 4 5 |  5.0
Throwing       | 1 2 |  2.2
Shields        | 4 |  4.7
Maces & Flails | |  2.0

Action                   |  1- 3 |  4- 6 |  7- 9 || total
-------------------------+-------+-------+-------++-------
Melee: Flail             |   151 |   284 |    35 ||   470
Throw: Javelin           |       |     3 |       ||     3
  Use: Potion            |       |       |     1 ||     1
  Eat: Chunk             |     3 |     5 |     2 ||    10
Armor: Scale mail        |    67 |   173 |    15 ||   255
Dodge: Dodged            |    53 |    70 |     5 ||   128
Block: Shield            |    80 |   130 |     9 ||   219
